 Dungeon Crawl Stone Soup version 0.22-a0-784-g679915a (webtiles) character file.

13167 BaronVonScrub the Slicer (level 11, -1/49 HPs)
             Began as a Spriggan Assassin on July 19, 2018.
             Was an Elder of Wu Jian.
             Slain by Erolcha
             ... wielding a +8 giant club
              (21 damage)
             ... on level 10 of the Dungeon.
             The game lasted 02:44:37 (19469 turns).

BaronVonScrub the Slicer (Spriggan Assassin)       Turns: 19469, Time: 02:44:37

Health: -1/49      AC:  5    Str: 20    XL:     11   Next: 72%
Magic:  10/12      EV: 19    Int: 11    God:    Wu Jian [****..]
Gold:   48         SH:  2    Dex: 28    Spells: 10/10 levels left

rFire    x . .     SeeInvis +   I - +9 flail of Bos Xut {holy, rPois rF- Str+7 Int+3}
rCold    . . .     Gourm    .   (shield restricted)
rNeg     + . .     Faith    .   Q - +1 robe of Distant Shores {*Contam rElec rCorr SInv}
rPois    +         Spirit   .   (helmet restricted)
rElec    +         Reflect  +   E - +1 cloak
rCorr    +         Harm     .   (gloves unavailable)
MR       +....     Rnd*Tele +   (boots unavailable)
Stlth    +++++.....             V - amulet of Xollabb {Reflect rN+ SH+2}
HPRegen  0.16/turn              U - ring "Lidarch" {rCorr +Inv rPois Dex+2}
MPRegen  0.13/turn              T - ring "Qelurcho" {*Tele Str+6 Int-5 Dex+3 SInv}

@: very slightly contaminated, invisible, very quick
A: very small, unfitting armour, see invisible, agile 1, herbivore, speed 3,
mutation resistance 1, slow metabolism 2
a: Wall Jump, Serpent's Lash, Renounce Religion


You were on level 10 of the Dungeon.
You worshipped Wu Jian.
Wu Jian was greatly pleased with you.
You were hungry.

You visited 2 branches of the dungeon, and saw 11 of its levels.

You collected 389 gold pieces.
You spent 341 gold pieces at shops.

Inventory:

Hand Weapons
 a - a +4 dagger
 b - a +0 blowgun
 e - a -1 dagger
 j - a +0 dagger
 k - a +0 short sword
 l - a -1 dagger
 n - a +0 rapier
 t - a +0 short sword
 v - a +0 rapier
 y - a +0 rapier
 F - a +4 dagger of protection
 I - the +9 flail of Bos Xut (weapon) {holy, rPois rF- Str+7 Int+3}
   (You took it off an orc on level 5 of the Dungeon)

   It has been blessed by the Shining One to cause great damage to the undead
   and demons.
   It affects your strength (+7).
   It affects your intelligence (+3).
   It makes you vulnerable to fire.
   It protects you from poison.
 O - a +2 halberd of protection
 P - the +10 trident of Righteous Fury {protect, Str+3 Dex+4}
   (You found it on level 8 of the Dungeon)

   It protects the one who uses it against injury (+AC on strike).
   It affects your strength (+3).
   It affects your dexterity (+4).
 R - a +3 dagger of electrocution
 W - a +3 dagger
Missiles
 z - a curare-tipped needle
 H - 22 poisoned needles
Armour
 c - a +0 robe
 d - a +0 cloak
 f - a +0 robe
 q - a +0 leather armour of cold resistance
 u - a +2 robe
 w - a +3 leather armour of positive energy
 x - a +0 cloak of poison resistance
 E - a +1 cloak (worn)
 Q - the +1 robe of Distant Shores (worn) {*Contam rElec rCorr SInv}
   (You found it on level 9 of the Dungeon)

   It insulates you from electricity.
   It lets you see invisible.
   It causes magical contamination when unequipped.
   It provides partial protection from all sources of acid and corrosion.
Magical Staves
 i - an uncursed staff of cold
Jewellery
 m - an uncursed ring of loudness
 r - an uncursed amulet of guardian spirit
 K - the ring "Sirefemm" {Wiz rC+ MR+}
   (You found it on level 9 of the Dungeon)

   [ring of wizardry]

   It improves your spell success rate.
   It protects you from cold.
   It affects your resistance to hostile enchantments.
 M - an uncursed ring of see invisible
 T - the ring "Qelurcho" (right hand) {*Tele Str+6 Int-5 Dex+3 SInv}
   (You found it on level 9 of the Dungeon)

   [ring of teleportation]

   It may teleport you next to monsters.
   It affects your strength (+6).
   It affects your intelligence (-5).
   It affects your dexterity (+3).
   It lets you see invisible.
 U - the ring "Lidarch" (left hand) {rCorr +Inv rPois Dex+2}
   (You found it on level 9 of the Dungeon)

   [ring of resist corrosion]

   It affects your dexterity (+2).
   It protects you from poison.
   It lets you turn invisible.
 V - the amulet of Xollabb (around neck) {Reflect rN+ SH+2}
   (You found it on level 9 of the Dungeon)

   [amulet of reflection]

   It shields you and reflects attacks.
   It protects you from negative energy.
   It affects your SH (+2).
Wands
 A - a wand of acid (9)
 C - a wand of iceblast (10)
 J - a wand of flame (46)
Scrolls
 o - 5 scrolls of magic mapping
 p - 2 scrolls of teleportation
 B - a scroll of fear
 D - 3 scrolls of remove curse
 G - a scroll of amnesia
 S - a scroll of identify
Potions
 h - 4 potions of curing
 s - a potion of brilliance
 L - a potion of ambrosia
 N - 2 potions of berserk rage
Comestibles
 g - 15 rations


   Skills:
 - Level 1.5 Fighting
 - Level 10.5 Short Blades
 - Level 8.0 Maces & Flails
 + Level 8.9 Polearms
 - Level 2.0 Throwing
 - Level 2.8 Dodging
 - Level 10.2 Stealth


You had 10 spell levels left.
You didn't know any spells.
Your spell library contained the following spells:

 Spells                   Type           Power        Failure   Level  Hunger
 Throw Frost              Conj/Ice       #.....       47%         2    ###....
 Freeze                   Ice            #...         34%         1    ##.....
 Summon Ice Beast         Ice/Summ       #.......     98%         4    #####..
 Ozocubu's Armour         Chrm/Ice       #.......     71%         3    ####...
 Throw Icicle             Conj/Ice       #.......     98%         4    #####..


Dungeon Overview and Level Annotations

Branches:
Dungeon (10/15)            Temple (1/1) D:4            Lair (0/6) D:10
    Orc (0/2) D:10

Altars:
Cheibriados
Elyvilon
Fedhas
Gozag
Makhleb
Nemelex Xobeh
Okawaru
Qazlal
Ru
Sif Muna
Trog
Uskayaw
Wu Jian
Xom
Zin
The Shining One

Shops:
D:6 ?[   D:10 [*

Annotations:
D:2 Sigmund
D:3 1 runed door, Violenta's ghost, weakling MfGl
D:10 Erolcha


Innate Abilities, Weirdness & Mutations

You are very small and have problems with some larger weapons.
You are too small for most types of armour.
You have supernaturally acute eyesight. (SInv)
You are a herbivore.
You cover ground extremely quickly.
You need to consume almost no food.
You are agile. (Dex +2)
You are somewhat resistant to further mutation.


Message History

Things that are here:
a club; a potion of heal wounds You fail to use your ability.
You fade into invisibility!
You are very lightly contaminated with residual magic.
You feel quite a bit more hungry.
You sock Erolcha!
Erolcha is lightly wounded.
Erolcha casts a spell at you. You resist with almost no effort.
You sock Erolcha!
Erolcha is heavily wounded.
Erolcha gestures wildly while chanting.
Erolcha blinks!
You are feeling hungry.
Erolcha hits you with an enchanted giant club!!
You hit Erolcha.
Erolcha is heavily wounded.
Erolcha hits you with an enchanted giant club!!
You die...

#........# ######'.#####.
######.%O.....## #.......# #...
#....'........'[.###.......#...
†.####........#...##.......#.#
### #........#.#.##.††....'.# #
#...####.....####)....###
#...#.....8.....#)....#
#...#...........#.....#
#.........O@.....)##'##
##'..8....>....8..##.#
##...#........§.[..###.# #..#
##......)....## ..#
###.#####.....8.....# '##
#.......####.....#### ..
#..:.........#)####....
##.../(.......#....'....
)#...[..[.....#.####....


You could see Erolcha.

Vanquished Creatures
  A hydra (D:8)
  2 two-headed ogres
  3 death yaks (D:10)
  An unseen horror (D:10)
  An ugly thing (D:9)
  A cyclops (D:9)
  A manticore (D:10)
  2 trolls (D:9)
  Grinder (D:4)
  A hippogriff (D:10)
  2 dream sheep
  A shadow (D:9)
  2 wyverns (D:9)
  Eustachio (D:4)
  8 yaks
  A vampire mosquito (D:9)
  Duvessa (D:4)
  2 orc warriors (D:9)
  5 necrophages
  3 sky beasts (D:9)
  4 ogres
  2 phantoms
  2 centaurs
  Blork the orc (D:4)
  5 big kobolds (D:8)
  3 bullfrogs
  Dowan (D:4)
  A scorpion (D:9)
  11 wights
  3 howler monkeys
  4 crimson imps
  A bullfrog zombie (D:9)
  A quasit (D:8)
  A centaur zombie (D:7)
  2 hounds
  Crazy Yiuf (D:3)
  6 orc priests
  3 jellies
  3 bullfrog skeletons
  A centaur skeleton (D:7)
  4 iguanas
  2 hell rats (D:10)
  12 orc wizards
  9 worker ants
  2 hound zombies (D:9)
  3 worker ant zombies
  A howler monkey skeleton (D:5)
  4 gnolls
  12 adders
  A shadow imp (D:4)
  3 oozes
  An adder zombie (D:6)
  2 adder skeletons
  3 worms
  A dart slug (D:3)
  7 leopard geckos
  43 orcs
  8 bats
  9 giant cockroaches
  7 goblins
  9 hobgoblins
  8 jackals
  12 kobolds
  4 quokkas
  A ball python (D:1)
  6 frilled lizards
  A jackal zombie (D:5)
  A leopard gecko skeleton (D:4)
  A quokka skeleton (D:6)
  13 rats
  2 bushes (D:9)
288 creatures vanquished.

Vanquished Creatures (others)
  5 plants (D:9)
5 creatures vanquished.

Grand Total: 293 creatures vanquished

Notes
Turn   | Place    | Note
-------+----------+-------------------------------------------
     0 | D:1      | BaronVonScrub the Spriggan Assassin began the quest for the Orb.
     0 | D:1      | Reached XP level 1. HP: 10/10 MP: 2/2
   148 | D:1      | Reached XP level 2. HP: 9/14 MP: 3/3
   951 | D:2      | Noticed Sigmund
  1581 | D:2      | Reached XP level 3. HP: 12/18 MP: 4/4
  1974 | D:2      | Reached XP level 4. HP: 17/22 MP: 2/5
  3135 | D:3      | HP: 1/22 [howler monkey (3)]
  3138 | D:3      | Reached XP level 5. HP: 1/25 MP: 0/6
  3564 | D:4      | Noticed Grinder
  3567 | D:4      | Killed Grinder
  3567 | D:4      | Reached skill level 10 in Stealth
  3567 | D:4      | Reached XP level 6. HP: 30/30 MP: 7/7
  3576 | D:4      | Noticed Duvessa
  3579 | D:4      | Noticed Dowan
  3604 | D:4      | Found a burning altar of Makhleb.
  3641 | D:4      | Found a staircase to the Ecumenical Temple.
  3652 | Temple   | Entered the Ecumenical Temple
  3735 | Temple   | Became a worshipper of the Wu Jian Council
  3794 | D:4      | Found a hide-covered altar of Uskayaw.
  3870 | D:4      | Noticed Eustachio
  3870 | D:4      | Noticed Blork the orc
  3874 | D:4      | Killed Blork the orc
  3874 | D:4      | Reached skill level 5 in Short Blades
  3876 | D:4      | Killed Eustachio
  3876 | D:4      | Reached XP level 7. HP: 33/33 MP: 8/8
  4448 | D:5      | Entered Level 5 of the Dungeon
  4505 | D:4      | You fall through a shaft!
  5113 | D:3      | Found a faded altar of an unknown god.
  5219 | D:3      | Reached * piety under Wu Jian
  5500 | D:3      | Found a runed door.
  5501 | D:3      | Found a shimmering altar of Xom.
  5501 | D:3      | Noticed Violenta's ghost (weakling MfGl)
  5502 | D:3      | Noticed a quarterstaff of chaos
  5657 | D:3      | Found a runed door.
  5661 | D:3      | Noticed Crazy Yiuf
  5705 | D:3      | Killed Crazy Yiuf
  6649 | D:4      | Killed Duvessa
  6649 | D:4      | Reached XP level 8. HP: 37/37 MP: 9/9
  6661 | D:4      | Killed Dowan
  7878 | D:6      | Found a sparkling altar of Nemelex Xobeh.
  9495 | D:4      | Reached skill level 10 in Short Blades
  9892 | D:6      | Reached ** piety under Wu Jian
 10281 | D:6      | Found Haecot's Armour Boutique.
 10430 | D:6      | Found Yppu's Magic Scroll Shop.
 10433 | D:6      | Bought a scroll of enchant weapon for 82 gold pieces
 10433 | D:6      | Bought a scroll of enchant weapon for 82 gold pieces
 10433 | D:6      | Bought a scroll of remove curse for 33 gold pieces
 10874 | D:5      | Got a brightly glowing flail {holy}
 10875 | D:5      | Identified the +9 flail of Bos Xut {holy, rPois rF- Str+7 Int+3} (You took it off an orc on level 5 of the Dungeon)
 11294 | D:7      | Reached skill level 1 in Maces & Flails
 11915 | D:7      | Reached XP level 9. HP: 29/40 MP: 7/10
 12252 | D:7      | Found an opulent altar of Gozag.
 12252 | D:7      | Found a deep blue altar of Sif Muna.
 12489 | D:7      | Found a glowing silver altar of Zin.
 12513 | D:7      | Found a snail-covered altar of Cheibriados.
 12516 | D:7      | Found a burning altar of Makhleb.
 12518 | D:7      | Found a stormy altar of Qazlal.
 13098 | D:8      | Reached skill level 5 in Maces & Flails
 13785 | D:8      | Noticed a two-headed hydra
 13788 | D:8      | Killed a two-headed hydra
 13788 | D:8      | Reached XP level 10. HP: 46/46 MP: 11/11
 13788 | D:8      | Reached *** piety under Wu Jian
 13965 | D:8      | Got a sapphire trident
 13970 | D:8      | Identified the +10 trident of Righteous Fury {protect, Str+3 Dex+4} (You found it on level 8 of the Dungeon)
 14267 | D:9      | Reached skill level 1 in Polearms
 14820 | D:9      | Got a warped robe
 14831 | D:9      | Identified the +1 robe of Distant Shores {*Contam rElec rCorr SInv} (You found it on level 9 of the Dungeon)
 15132 | D:9      | Gained mutation: You are dopey. (Int -2) [mutagenic glow]
 15211 | D:9      | Lost mutation: You are dopey. (Int -2) [potion of mutation]
 15211 | D:9      | Gained mutation: You are agile. (Dex +2) [potion of mutation]
 15211 | D:9      | Gained mutation: You are somewhat resistant to further mutation. [potion of mutation]
 15862 | D:9      | Found a blossoming altar of Fedhas.
 16093 | D:9      | Found a burning altar of Makhleb.
 16266 | D:9      | Noticed a two-headed ogre
 16331 | D:9      | Killed a two-headed ogre
 16331 | D:9      | Reached skill level 5 in Polearms
 16580 | D:9      | Got a coiled lead ring
 16582 | D:9      | Reached XP level 11. HP: 47/49 MP: 12/12
 16585 | D:9      | Got a pitted iron ring
 16586 | D:9      | Identified the ring "Qelurcho" {*Tele Str+6 Int-5 Dex+3 SInv} (You found it on level 9 of the Dungeon)
 16589 | D:9      | Identified the ring "Lidarch" {rCorr +Inv rPois Dex+2} (You found it on level 9 of the Dungeon)
 16598 | D:9      | Noticed a white ugly thing
 16762 | D:9      | Got a coiled marble ring
 16765 | D:9      | Got a bound bone amulet
 16766 | D:9      | Identified the ring "Sirefemm" {Wiz rC+ MR+} (You found it on level 9 of the Dungeon)
 16769 | D:9      | Identified the amulet of Xollabb {Reflect rN+ SH+2} (You found it on level 9 of the Dungeon)
 16793 | D:9      | Killed a white ugly thing
 17269 | D:9      | Reached **** piety under Wu Jian
 17286 | D:9      | Upgraded the game from 0.22-a0-782-g038298e to 0.22-a0-784-g679915a
 17351 | D:10     | Entered Level 10 of the Dungeon
 17351 | D:10     | Noticed a death yak
 17353 | D:10     | Found a staircase to the Lair.
 17354 | D:10     | Noticed a death yak
 17357 | D:10     | Noticed a death yak
 17373 | D:10     | Found Cize's Assorted Antiques.
 17379 | D:10     | Noticed Erolcha
 17682 | D:10     | Noticed an unseen horror
 17688 | D:10     | Killed an unseen horror
 17789 | D:10     | Bought a scroll of identify for 74 gold pieces
 17789 | D:10     | Bought a viscous sapphire potion for 33 gold pieces
 17789 | D:10     | Bought a scroll labeled KOFOPP XODULUI for 37 gold pieces
 18104 | D:10     | Noticed a two-headed ogre
 18120 | D:10     | Found Peas's Antique Armour Boutique.
 18704 | D:10     | Killed a death yak
 18708 | D:10     | Killed a death yak
 18711 | D:10     | Killed a death yak
 19122 | D:10     | Killed a two-headed ogre
 19145 | D:10     | Found a staircase to the Orcish Mines.
 19469 | D:10     | Slain by Erolcha

Vault maps used:
D:1:      giann_horns, minivault_19
D:2:      uniq_sigmund
D:3:      chequers_ecumenical_altar_twisty, ebering_ghost_xom,
          minmay_liquid_box, uniq_crazy_yiuf_cottage
D:4:      nicolae_overflow_crystal_walls, minmay_temple_entry_mist,
          bloody_makhleb, uniq_eustachio, uniq_blork_the_orc, uniq_grinder,
          uniq_duvessa
D:5:      first_ration, grunt_decor_one_mirror, st_stairs_12
D:6:      nicolae_overflow_hidden_temple, serial_shops, nicolae_shop_trees,
          nicolae_shop_behind_doors, serial_bayou_pond_e, serial_bayou_crossing
D:7:      minitemple
D:8:      hangedman_ranch
D:9:      minmay_the_grid_triangle_9x9_rhombus_thin, fedhas_altar_decomposition,
          hangedman_abyss_or_decor_stabs
D:10:     dpeg_lair_monsters, david_orc_2, serial_shops, shop, shop_fountains,
          nicolae_shop_temple_entry_statues_fountains, shop, uniq_erolcha
Temple:   nicolae_temple_figure_eight

Skill      XL: |  1  2  3  4  5  6  7  8  9 10 11 |
---------------+----------------------------------+-----
Stealth        | 6 7 8 9 10 | 10.2
Short Blades   | 3 4 6 8 10 | 10.5
Dodging        | 2 |  2.8
Maces & Flails | 2 7 8 |  8.0
Polearms       | 5 8 |  8.9
Fighting       | |  1.5
Throwing       | |  2.0

Action                   |  1- 3 |  4- 6 |  7- 9 | 10-12 || total
-------------------------+-------+-------+-------+-------++-------
Melee: Dagger            |   132 |   102 |   757 |   116 ||  1107
       Flail             |       |       |    97 |   113 ||   210
       Rapier            |       |       |    15 |       ||    15
       Blowgun           |       |       |     2 |     3 ||     5
       Trident           |       |       |       |   152 ||   152
 Fire: Blowgun           |       |       |    36 |    24 ||    60
Invok: Lunge             |       |     3 |    56 |    27 ||    86
       Whirlwind         |       |       |   117 |    49 ||   166
       Wall Jump         |       |       |     4 |    44 ||    48
 Abil: Evoke Invisibilit |       |       |       |     2 ||     2
Evoke: Wand              |       |       |     1 |     9 ||    10
  Use: Scroll            |     4 |     2 |    13 |    10 ||    29
       Potion            |     2 |       |     5 |     4 ||    11
 Stab: Sleeping          |    12 |    10 |    22 |    19 ||    63
       Invisible         |     1 |       |       |     4 ||     5
       Distracted        |       |       |     2 |     2 ||     4
       Fleeing           |       |       |     1 |       ||     1
  Eat: Ration            |       |       |     6 |     3 ||     9
Armor: Robe              |    12 |    16 |    92 |    55 ||   175
Dodge: Dodged            |   101 |    77 |   390 |   228 ||   796
Block: Other             |       |       |       |     7 ||     7

Table legend:
 A = Spawn XP
 B = Non-spawn XP
 C = Spawn XP percentage of total XP
 D = Spawn monster count
 E = Non-spawn monster count
 F = Spawn count percentage of total count
 G = Total turns spent on level
                    A         B        C        D         E        F      G
               +---------+---------+-------+---------+---------+-------+---------
         Total |       0 |   18811 |   0.0 |       0 |     286 |   0.0 | 19469
               +---------+---------+-------+---------+---------+-------+---------
           D:1 |       0 |      22 |   0.0 |       0 |      15 |   0.0 |  1286
           D:2 |       0 |     126 |   0.0 |       0 |      34 |   0.0 |  1592
           D:3 |       0 |     227 |   0.0 |       0 |      35 |   0.0 |  1117
           D:4 |       0 |    1305 |   0.0 |       0 |      27 |   0.0 |  3789
           D:5 |       0 |     216 |   0.0 |       0 |      20 |   0.0 |  1165
           D:6 |       0 |     466 |   0.0 |       0 |      19 |   0.0 |  2153
           D:7 |       0 |    1083 |   0.0 |       0 |      20 |   0.0 |  1858
           D:8 |       0 |    3704 |   0.0 |       0 |      31 |   0.0 |  1245
           D:9 |       0 |    5864 |   0.0 |       0 |      47 |   0.0 |  3590
          D:10 |       0 |    5798 |   0.0 |       0 |      38 |   0.0 |  1549
               +---------+---------+-------+---------+---------+-------+---------
